 Dungeon Crawl Stone Soup version 0.17.0-24-gcfadda4 (webtiles) character file.

20 Medar the Caller (level 2, 0/16 HPs)
             Began as a Gargoyle Summoner on Nov 17, 2015.
             Slain by a hobgoblin
             ... wielding a +0 whip
              (3 damage)
             ... on level 1 of the Dungeon.
             The game lasted 00:01:35 (1208 turns).

Medar the Caller (Gargoyle Summoner)                Turns: 1208, Time: 00:01:35

Health: 0/16       AC:  4    Str: 11    XL:     2   Next: 79%
Magic:  3/5        EV: 12    Int: 15    God:
Gold:   54         SH:  0    Dex: 10    Spells: 2 memorised, 2 levels left

rFire  . . .     SeeInvis .     a - +0 club
rCold  . . .     Clarity  .     e - +0 robe
rNeg   + . .     SustAt   .     (no shield)
rPois  ∞         Gourm    .     (no helmet)
rElec  +         Spirit   .     (no cloak)
rCorr  .         Warding  .     (no gloves)
rMut   .         Stasis   .     (no boots)
MR     .....                    (no amulet)
Stlth  ++........               (no ring)
                                (no ring)

@: not resistant to hostile enchantments, unstealthy
A: negative energy resistance 1, electricity resistance, unbreathing,
petrification resistance, rot immunity, AC +2
a: no special abilities


You were on level 1 of the Dungeon.
You were not hungry.

You visited 1 branch of the dungeon, and saw 1 of its levels.

You collected 54 gold pieces.

Inventory:

Hand Weapons
 a - a +0 club (weapon)
Armour
 e - a +0 robe (worn)
Scrolls
 d - a scroll of remove curse {unknown}
 j - a scroll of identify {unknown}
Potions
 g - a potion of magic {unknown}
 h - a potion of brilliance {unknown}
 k - a potion of curing {unknown}
Books
 b - a book of Callings

   Spells                             Type                      Level
   a - Summon Small Mammal            Summoning                    1
   b - Call Imp                       Summoning                    2
   c - Call Canine Familiar           Summoning                    3
   d - Summon Guardian Golem          Hexes/Summoning              3
   e - Summon Lightning Spire         Summoning/Air                4
   f - Summon Ice Beast               Ice/Summoning                4
Comestibles
 c - a bread ration {@e1}
 f - a royal jelly
 i - 2 chunks of flesh


   Skills:
 - Level 0.7 Fighting
 + Level 2.1 Maces & Flails
 - Level 1.5 Dodging
 - Level 2.1 Stealth
 - Level 2.0 Spellcasting
 - Level 3.6 Summonings


You had 2 spell levels left.
You knew the following spells:

 Your Spells              Type           Power        Failure   Level  Hunger
d - Call Imp              Summ           ##......     10%         2    ###....
s - Summon Small Mammal   Summ           ##..         6%          1    #......


Dungeon Overview and Level Annotations

Branches:
Dungeon (1/15)

Altars:


Innate Abilities, Weirdness & Mutations

You are resistant to torment.
Your stone body is resilient (AC +2).
You are immune to poison.
You resist negative energy.
You are resistant to electric shocks.
You can survive without breathing.
You are immune to petrification.
You are immune to rotting.


Message History

The hobgoblin barely misses you.
You are too injured to fight recklessly!
You are too injured to fight recklessly!
Casting: Summon Small Mammal
Confirm with . or Enter, or press ? or * to list all spells.
The hobgoblin hits you but does no damage.
You are too injured to fight recklessly!
You are too injured to fight recklessly!
You are too injured to fight recklessly!
You hit the hobgoblin but do no damage.
The hobgoblin is moderately wounded.
Your bat closely misses the hobgoblin.
Your bat hits the hobgoblin but does no damage.
The hobgoblin hits you with a whip.
* * * LOW HITPOINT WARNING * * *
You hit the hobgoblin.
The hobgoblin is heavily wounded.
Your bat barely misses the hobgoblin.
Your bat misses the hobgoblin. The hobgoblin hits you with a whip.
You die...

#...#.#.###.
#..##.#...#.
###.....##)##.
#...######....
### #.#..#
####### ..#
#.##.# #...#
#.# #....#
#.<.#
#######g#
###### #...#
......b@#
###'###
######.b###
#####.....#
#.....#
#...#.....#
#....#.#
#.8.'..⌠..+
#...)###.#
#...#.....#
##### #.#
#####.....#
#.#
######'####
#.#
#..........
#.#
#.####.#.#.


You could see a hobgoblin and 2 friendly bats.

Vanquished Creatures
  2 giant geckos (D:1)
  3 bats (D:1)
  A hobgoblin (D:1)
  2 jackals (D:1)
  A giant newt (D:1)
  4 rats (D:1)
13 creatures vanquished.

Vanquished Creatures (collateral kills)
  A hobgoblin (D:1)
  3 bats (D:1)
  3 giant newts (D:1)
7 creatures vanquished.

Grand Total: 20 creatures vanquished

Notes
Turn   | Place    | Note
--------------------------------------------------------------
     0 | D:1      | Medar the Gargoyle Summoner began the quest for the Orb.
     0 | D:1      | Reached XP level 1. HP: 10/10 MP: 3/3
   434 | D:1      | Reached skill level 1 in Maces & Flails
   500 | D:1      | Reached XP level 2. HP: 13/16 MP: 5/5
   988 | D:1      | Learned a level 2 spell: Call Imp
  1208 | D:1      | Slain by a hobgoblin

Action                   || total
-------------------------++-------
Melee: Unarmed           ||    19
       Club              ||    61
 Cast: Summon Small Mamm ||    11
       Call Imp          ||     1
 Stab: Sleeping          ||     3
  Eat: Chunk             ||     1
